 Dungeon Crawl Stone Soup version 0.23-a0-164-g7711e572f3 (webtiles) character file.

2168 Jesh the Unseen (level 9, 0/41 HPs)
             Began as a Spriggan Enchanter on Sept 10, 2018.
             Slain by a wyvern (18 damage)
             ... on level 8 of the Dungeon.
             The game lasted 00:20:21 (9984 turns).

Jesh the Unseen (Spriggan Enchanter)                Turns: 9984, Time: 00:20:21

Health: 0/41       AC:  3    Str:  6    XL:     9   Next: 10%
Magic:  1/18       EV: 20    Int: 18    God:
Gold:   821        SH:  0    Dex: 20    Spells: 5/19 levels left

rFire    . . .     SeeInvis +   k - +4 short sword (venom)
rCold    . . .     Gourm    .   (shield restricted)
rNeg     . . .     Faith    .   b - +1 robe
rPois    +         Spirit   .   (helmet restricted)
rElec    .         Reflect  .   (no cloak)
rCorr    .         Harm     .   (gloves unavailable)
MR       +....                  (boots unavailable)
Stlth    ++++++....             v - amulet of rage
HPRegen  0.13/turn              p - +4 ring of dexterity
MPRegen  0.16/turn              i - ring of poison resistance

@: very slightly contaminated, very quick
A: very small, unfitting armour, see invisible, herbivore, speed 3, slow
metabolism 2
a: Evoke Berserk Rage


You were on level 8 of the Dungeon.
You were not hungry.

You visited 2 branches of the dungeon, and saw 9 of its levels.
You also visited: Ossuary.

You collected 821 gold pieces.

Inventory:

Hand Weapons
 a - a +2 dagger
 h - a +0 dagger of draining
 k - a +4 short sword of venom (weapon)
Armour
 b - a +1 robe (worn)
Jewellery
 c - an uncursed ring of protection from cold
 i - a ring of poison resistance (right hand)
 p - a +4 ring of dexterity (left hand)
 v - an amulet of rage (around neck)
Wands
 l - a wand of random effects (23)
 o - a wand of paralysis (15)
 s - a wand of disintegration (12)
 t - a wand of digging (11)
Scrolls
 e - 6 scrolls of teleportation
 g - 7 scrolls of remove curse
 r - 3 scrolls of blinking
 u - a scroll of fog
 w - a scroll of magic mapping
 y - a scroll of identify
Potions
 f - 7 potions of curing
 j - a potion of haste
 m - a potion of magic
 n - 2 potions of agility
 q - 2 potions of invisibility
 x - a potion of flight
 z - a potion of heal wounds
Comestibles
 d - 5 rations


   Skills:
 + Level 1.2 Fighting
 + Level 2.2 Short Blades
 + Level 4.0 Dodging
 + Level 15.2 Stealth
 + Level 5.5 Spellcasting
 + Level 6.0 Hexes


You had 5 spell levels left.
You knew the following spells:

 Your Spells              Type           Power        Failure   Level  Hunger
a - Ensorcelled Hibernat  Hex/Ice        ###...       5%          2    #......
b - Corona                Hex            ####...      1%          1    None
c - Confuse               Hex            ####....     3%          3    ##.....
d - Tukima's Dance        Hex            ####....     3%          3    ##.....
e - Dazzling Spray        Conj/Hex       ###...       11%         3    ##.....
f - Blink                 Tloc           N/A          19%         2    #......

Your spell library contained the following spells:

 Spells                   Type           Power        Failure   Level  Hunger
 Slow                     Hex            ####....     1%          2    #......
 Magic Dart               Conj           #...         13%         1    None
 Call Imp                 Summ           #.......     19%         2    #......
 Conjure Flame            Conj/Fire      #.......     36%         3    ##.....
 Mephitic Cloud           Conj/Pois/Air  #.......     36%         3    ##.....


Dungeon Overview and Level Annotations

Branches:
Dungeon (8/15)             Temple (1/1) D:6
   Lair: D:8-11

Altars:
Ashenzari
Cheibriados
Elyvilon
Fedhas
Gozag
Hepliaklqana
Kikubaaqudgha
Makhleb
Nemelex Xobeh
Okawaru
Qazlal
Ru
Sif Muna
Trog
Uskayaw
Vehumet
Wu Jian
Xom
Yredelemnul
Zin
The Shining One


Innate Abilities, Weirdness & Mutations

You are very small and have problems with some larger weapons.
You are too small for most types of armour.
You have supernaturally acute eyesight. (SInv)
You are a herbivore.
You cover ground extremely quickly.
You need to consume almost no food.


Message History

Press: ? - help, Shift-Dir - straight line, f/p - wyvern
Aim: a wyvern (chance to defeat MR: 46%)
You miscast Ensorcelled Hibernation.
You are very lightly contaminated with residual magic.
You hear a crackling sound.
The wyvern barely misses you. The wyvern completely misses you.
Casting: Ensorcelled Hibernation (safe; 5% risk of failure)
Confirm with . or Enter, or press ? or * to list all spells.
Aiming: Ensorcelled Hibernation (safe; 5% risk of failure)
Press: ? - help, Shift-Dir - straight line, f/p - wyvern
Aim: a wyvern (chance to defeat MR: 46%)
The wyvern resists with some effort.
The wyvern misses you.
Casting: Ensorcelled Hibernation (safe; 5% risk of failure)
Confirm with . or Enter, or press ? or * to list all spells.
Aiming: Ensorcelled Hibernation (safe; 5% risk of failure)
Press: ? - help, Shift-Dir - straight line, f/p - wyvern
Aim: a wyvern (chance to defeat MR: 46%)
The wyvern resists with some effort.
The wyvern misses you. The wyvern bites you!!
You die...

#.#####...###...#
#.#### #.## ##.##
##
#.....###.####.#
...)...#.......#
#.######## #.#
..#####.#######
.(.....(.......
.###=^.@#######
#...l)# #.....#
#...... ####...#
+_#.... ###...##
......#


You could see a wyvern.

Vanquished Creatures
  Edmund (D:4)
  Menkaure (D:5)
  Duvessa (D:4)
  A water moccasin (D:7)
  A sky beast (D:7)
  A black bear (D:7)
  3 ice beasts
  A phantom (D:5)
  A centaur (D:8)
  An elf zombie (Ossuary)
  A bullfrog (D:7)
  A scorpion (D:5)
  Dowan (D:4)
  2 howler monkeys
  5 hounds
  4 orc wizards
  2 centaur zombies (Ossuary)
  4 worker ants
  A big kobold zombie (Ossuary)
  4 mummies
  2 hound zombies (Ossuary)
  9 adders
  2 oozes
  5 adder zombies (Ossuary)
  2 worms
  2 dart slugs
  4 leopard geckos
  10 orcs
  3 giant cockroaches
  14 goblins
  3 hobgoblins
  6 jackals
  9 kobolds
  2 quokkas
  2 ball pythons
  14 bats
  5 frilled lizards
  6 goblin zombies (Ossuary)
  5 hobgoblin zombies (Ossuary)
  4 jackal zombies (Ossuary)
  3 kobold zombies
  An orc zombie (Ossuary)
  2 quokka zombies (Ossuary)
  12 rats
  6 rat zombies (Ossuary)
170 creatures vanquished.

Vanquished Creatures (collateral kills)
  A crimson imp (D:4)
1 creature vanquished.

Grand Total: 171 creatures vanquished

Notes
Turn   | Place    | Note
-------+----------+-------------------------------------------
     0 | D:1      | Jesh the Spriggan Enchanter began the quest for the Orb.
     0 | D:1      | Reached XP level 1. HP: 9/9 MP: 5/5
   247 | D:1      | Reached XP level 2. HP: 8/13 MP: 7/7
   251 | D:1      | Learned a level 2 spell: Ensorcelled Hibernation
  1513 | D:2      | Reached XP level 3. HP: 16/16 MP: 9/9
  1518 | D:2      | Learned a level 3 spell: Confuse
  1522 | D:2      | Learned a level 3 spell: Tukima's Dance
  2829 | D:3      | Found a hazy altar of Hepliaklqana.
  2861 | D:3      | Reached XP level 4. HP: 17/21 MP: 7/11
  2870 | D:3      | Reached skill level 5 in Hexes
  4038 | D:3      | Learned a level 3 spell: Dazzling Spray
  4052 | D:3      | Found an opulent altar of Gozag.
  4057 | D:3      | Found a snail-covered altar of Cheibriados.
  4169 | D:3      | Found a faded altar of an unknown god.
  4186 | D:3      | Reached XP level 5. HP: 22/24 MP: 3/13
  4200 | D:3      | Reached skill level 5 in Stealth
  4658 | D:4      | Found a white marble altar of Elyvilon.
  4716 | D:4      | Reached skill level 6 in Stealth
  4775 | D:4      | Reached skill level 7 in Stealth
  4775 | D:4      | Reached XP level 6. HP: 19/28 MP: 1/14
  5028 | D:4      | Noticed Edmund
  5523 | D:4      | Killed Edmund
  5523 | D:4      | Reached skill level 9 in Stealth
  5874 | D:4      | Noticed Duvessa
  5874 | D:4      | Noticed Dowan
  5876 | D:4      | Killed Dowan
  5957 | D:4      | Killed Duvessa
  5957 | D:4      | Reached skill level 10 in Stealth
  5957 | D:4      | Reached XP level 7. HP: 16/32 MP: 1/15
  6198 | D:5      | Entered Level 5 of the Dungeon
  6274 | D:5      | Reached skill level 11 in Stealth
  6424 | D:5      | Noticed Menkaure
  6523 | D:5      | Found an ornate altar of the Wu Jian Council.
  6567 | D:5      | Killed Menkaure
  6567 | D:5      | Reached skill level 12 in Stealth
  6583 | D:5      | Reached XP level 8. HP: 36/36 MP: 13/16
  6668 | D:5      | Reached skill level 13 in Stealth
  6859 | D:6      | Found a stormy altar of Qazlal.
  6951 | D:6      | Found a burning altar of Makhleb.
  7028 | D:6      | Found a sand-covered staircase.
  7033 | Ossuary  | Entered an ossuary
  7582 | Ossuary  | Reached skill level 14 in Stealth
  8051 | D:6      | Found a radiant altar of Vehumet.
  8351 | D:6      | Found a staircase to the Ecumenical Temple.
  8358 | Temple   | Entered the Ecumenical Temple
  8921 | D:7      | Reached skill level 15 in Stealth
  8925 | D:7      | Learned a level 2 spell: Blink
  8925 | D:7      | Found a glowing golden altar of the Shining One.
  8938 | D:7      | Reached skill level 5 in Spellcasting
  9094 | D:7      | Noticed a hippogriff
  9452 | D:7      | Reached skill level 1 in Fighting
  9452 | D:7      | Reached XP level 9. HP: 23/41 MP: 14/18
  9810 | D:7      | Identified a scroll of acquirement
  9971 | D:8      | Found a shattered altar of Ashenzari.
  9984 | D:8      | Slain by a wyvern

Vault maps used:
D:1:      scummos_arrival_forest
D:2:      kennysheep_generic_room_7
D:3:      lemuel_crystal_altar, nicolae_overflow_hidden_temple, first_ration,
          chequers_ecumenical_altar_island
D:4:      elyvilon_altar_1, uniq_edmund, uniq_duvessa
D:5:      lemuel_round_altar, minmay_misc_feat_five, minivault_5, uniq_menkaure
D:6:      bloody_makhleb, fiery_altar_vehumet,
          minmay_temple_entry_enclosed_plants, nicolae_ossuary_entry_giza,
          grunt_qazlal_clouds
D:7:      lemuel_crystal_altar
D:8:      old_standard_altar, ashenzari_conservatory_becter, serial_shops,
          nicolae_shop_window_shopping, uniq_prince_ribbit1, uniq_erica,
          uniq_maurice
Temple:   minmay_temple_forest_path
Ossuary:  minmay_ossuary_two_tombs

Skill      XL: |  1  2  3  4  5  6  7  8  9 |
---------------+----------------------------+-----
Spellcasting   | 3 4 5 |  5.5
Hexes          | 4 5 6 |  6.0
Stealth        | 7 10 12 15 | 15.2
Fighting       | 1 |  1.2
Short Blades   | 2 |  2.2
Dodging        | 4 |  4.0

Action                   |  1- 3 |  4- 6 |  7- 9 || total
-------------------------+-------+-------+-------++-------
Melee: Dagger            |   122 |   194 |       ||   316
       Short sword       |       |       |   191 ||   191
 Cast: Corona            |     3 |     2 |       ||     5
       Ensorcelled Hiber |    19 |    40 |    19 ||    78
       Dazzling Spray    |       |     7 |     3 ||    10
       Confuse           |       |     7 |    11 ||    18
       Tukima's Dance    |       |     1 |       ||     1
  Use: Scroll            |     8 |     2 |     6 ||    16
       Potion            |       |     7 |       ||     7
 Stab: Sleeping          |    26 |    29 |    36 ||    91
       Distracted        |       |     1 |       ||     1
       Invisible         |       |     2 |       ||     2
       Confused          |       |       |     9 ||     9
  Eat: Ration            |       |     3 |     3 ||     6
Armor: Robe              |    19 |    11 |    14 ||    44
       Skin              |       |    25 |       ||    25
Dodge: Dodged            |   102 |   133 |   164 ||   399

Table legend:
 A = Non-vault XP
 B = Vault XP
 C = Vault XP percentage of total XP
 D = Non-vault monster count
 E = Vault monster count
 F = Vault count percentage of total count
                 A         B        C        D         E       F
            +---------+---------+-------+---------+---------+-------
      Total |    2153 |     945 |  30.5 |     123 |      48 |  28.1
            +---------+---------+-------+---------+---------+-------
        D:1 |      32 |       0 |   0.0 |      22 |       0 |   0.0
        D:2 |      56 |       2 |   3.4 |      20 |       2 |   9.1
        D:3 |     185 |       0 |   0.0 |      35 |       0 |   0.0
        D:4 |     239 |     392 |  62.1 |      17 |       3 |  15.0
        D:5 |     590 |     169 |  22.3 |      13 |       1 |   7.1
        D:6 |     143 |      23 |  13.9 |       4 |       3 |  42.9
        D:7 |     793 |       0 |   0.0 |      11 |       0 |   0.0
        D:8 |     115 |       0 |   0.0 |       1 |       0 |   0.0
    Ossuary |       0 |     359 | 100.0 |       0 |      39 | 100.0
            +---------+---------+-------+---------+---------+-------
